Anerag, lawful male human Samurai -------- .......| |......| ------------- ..!....| |?.........[. |......-######### |.....?.....| |......| # |...-----...| |....<.| ###|...|...|...| -------- #..cd|.}.|`..| |.}}|...|...+ |.}}--.--...| |D...}/.....| |(@.}.}....*| ------------- Anerag the Ninja Experience level: 6 Strength: 4 Dexterity: 13 Constitution: 18 Intelligence: 10 Wisdom: 9 Charisma: 7 Health: 0(61) Energy: 20(20) Def: 0 Gold: 162 Moves: 898 Dungeon seed: vXnY9DtqNJv9wm65 Game ID: Anerag_1561388575 Your Inventory: Coins $ - 162 gold pieces Weapons b - an uncursed thoroughly rusty +2 wakizashi (alternate weapon; not wielded) c - an uncursed +1 yumi d - 41 uncursed +0 ya (in quiver) g - 12 uncursed thoroughly rusty +0 shuriken Armor e - an uncursed rustproof +0 splint mail n - an uncursed thoroughly rusty +0 orcish helm Wands f - an uncursed wand of probing (0:3) j - an uncursed wand of enlightenment (0:11) Spells and supernatural/magical abilities: Name Level Category Fail Memory W - pray for help -- divine ? -- Your skills at the end: Miscellaneous Skills martial arts [Basic] wands [Basic] stealth [Basic] Weapon Skills short sword [Basic] long sword [Skilled] bow [Basic] shuriken [Basic] Spellcasting Skills Final Attributes: You were fervently aligned. You were hallucinating. You had wounded legs. Your writing hand was ok. You were somewhat stealthy. You were fast. You are dead. Vanquished creatures: The Oracle 2 fog clouds 2 paper golems a puppy 3 kittens a homunculus an iguana a rothe a jitterbug 3 orc zombies a gecko 2 cave spiders a green mold 9 garter snakes a gnome zombie 2 jackals a kobold 3 newts a goblin 3 grid bugs 5 bats 2 lichens 3 kobold zombies and a partridge in a pear tree 50 creatures vanquished. Voluntary challenges: You did not adorn yourself with jewelry or accessories. You did not cause conflict. You were not invisible. You did not have reflection. You were not displaced. You used a wielded weapon 70 times, starting on turn 15. You did not use tools. You did not use sinks. You read items or engraved 4 times, starting on turn 340. You never genocided any monsters. You never polymorphed an object. You never changed form. You used no wishes. You never split a pudding. You never wrote Elbereth's name. You never violated bushido. Dungeon overview: The Dungeons of Doom: levels 1 to 8 Level 1 a fountain a long staircase Level 2 stairs to The Gnomish Mines Level 3 some fountains Level 4 Level 5 a fountain Level 6 a fountain Level 7 a fountain Level 8 <- You were here The Gnomish Mines: Level 3 stairs to The Dungeons of Doom History has recorded: On T:1 you entered the Dungeons of Doom to retrieve the Amulet of Yendor! On T:13 you reached level 2 of The Dungeons of Doom. On T:74 you reached level 1 of The Gnomish Mines. On T:125 you reached level 3 of The Dungeons of Doom. On T:144 you advanced to experience level 2. On T:262 you reached level 4 of The Dungeons of Doom. On T:274 you advanced to experience level 3. On T:345 you reached level 5 of The Dungeons of Doom. On T:408 you reached level 6 of The Dungeons of Doom. On T:454 you advanced to experience level 4. On T:594 you reached level 7 of The Dungeons of Doom. On T:602 you advanced to experience level 5. On T:777 you reached level 8 of The Dungeons of Doom. On T:791 you prayed to Amaterasu Omikami. On T:817 you advanced to experience level 6. Score breakdown: Gold: 162 ( 16 points) Experience: 6 levels ( 500 points) Exploration: 8 levels ( 210 points) Discoveries: 4 items ( 200 points) Variety of kills: 23 monsters ( 1150 points) Major goal: (nothing yet) ( 0 points) Survival: died (score multiplied by 3) Total score: 6228 Latest messages: An uncursed thoroughly rusty corroded +1 katana hits the floor. a - an uncursed thoroughly rusty corroded +1 katana. An uncursed thoroughly rusty corroded +1 katana almost hits the ceiling, then falls back on top of your head. An uncursed thoroughly rusty corroded +1 katana hits the floor. a - an uncursed thoroughly rusty corroded +1 katana. An uncursed thoroughly rusty corroded +1 katana almost hits the ceiling, then falls back on top of your head. An uncursed thoroughly rusty corroded +1 katana hits the floor. The young gray dragon bites! a - an uncursed thoroughly rusty corroded +1 katana. An uncursed thoroughly rusty corroded +1 katana almost hits the ceiling, then falls back on top of your head. An uncursed thoroughly rusty corroded +1 katana hits the floor. You hear the howling of the CwnAnnwn... Ouch! That hurts! You hear the howling of the CwnAnnwn... The plains centaur bites! Ouch! That hurts! Your movements are slowed slightly because of your load. You die... Final status: Sayonara Anerag the Samurai, killed by kicking a wall... You died in The Dungeons of Doom on dungeon level 8 with 6228 points, and 162 pieces of gold, after 898 moves. You were level 6 with a maximum of 61 hit points when you died.